 Dungeon Crawl Stone Soup version 0.32-a0-834-geaf45d8e21 (webtiles) character file.

Game seed: 16106770288534349322

2 AstroCodex24 the Covered (level 1, -1/18 HPs)
             Began as a Demigod Fighter on Mar 26, 2024.
             Succumbed to an adder's poison
             ... on level 2 of the Dungeon.
             The game lasted 00:00:32 (129 turns).

AstroCodex24 the Covered (Demigod Fighter)           Turns: 129, Time: 00:00:33

Health: -1/18      AC:  6    Str: 17    XL:     1   Next: 20%
Magic:  3/3        EV:  8    Int: 10    God:
Gold:   0          SH:  4    Dex: 13    Spells: 0/0 levels left

rFire   . . .        a - +0 war axe
rCold   . . .        c - +0 buckler
rNeg    . . .        b - +0 scale mail
rPois   .            (no helmet)
rElec   .            (no cloak)
rCorr   .            (no gloves)
SInv    .            (no boots)
Will    .....        (no amulet) Stlth
                     (no ring)
HPRegen 0.23/turn    (no ring)
MPRegen 0.08/turn

%: no passive effects
@: lethally poisoned (-1 -> -9)
A: high MP 1, forlorn, divine attributes
a: no special abilities


You were on level 2 of the Dungeon.
You visited 1 branch of the dungeon, and saw 2 of its levels.

Inventory:

Hand Weapons
 a - a +0 war axe (weapon)
Armour
 b - a +0 scale mail (worn)
 c - a +0 buckler (worn)
Potions
 d - a potion of might


   Skills:
 + Level 2.7 Fighting
 + Level 1.8 Axes
 + Level 2.7 Armour
 + Level 2.7 Shields


You couldn't memorise any spells.
You didn't know any spells.
Your spell library contained the following spells:

 Spells                   Type           Power      Damage    Failure   Level
 Magic Dart               Conj           0%         1d3       86%         1
 Searing Ray              Conj           0%         2d4       94%         2
 Fulminant Prism          Conj/Alch      0%         3d5       100%        4


Dungeon Overview and Level Annotations

Branches:
Dungeon (2/15)


Innate Abilities, Weirdness & Mutations

You have an increased reservoir of magic. (+10% MP)
You shall have no god before yourself.
Your divine heritage dramatically boosts your attributes as you level up.


Message History

The adder hisses angrily.
The endoplasm attacks as it pursues you!
The endoplasm hits you but does no damage.
You barely miss the bat. You hit the endoplasm but do no damage.
You block the bat's attack.
The endoplasm hits you but does no damage.
You barely miss the endoplasm. The bat hits you.
You block the endoplasm's attack.
You hit the endoplasm but do no damage. The bat hits you but does no damage.
You block the endoplasm's attack. The endoplasm hits you.
You hit the endoplasm.
The endoplasm is moderately wounded.
You hit the rat.
You kill the rat!
The bat completely misses you. The adder closely misses you.
You block the endoplasm's attack.
You slash the endoplasm!
You kill the endoplasm!
You closely miss the adder. You closely miss the bat.
The bat hits you but does no damage. The adder bites you but does no damage.
The bat closely misses you. The adder bites you. You block the bat's attack.
You barely miss the bat. You barely miss the adder.
The bat hits you but does no damage. The adder bites you.
You are poisoned.
The adder poisons you! The adder barely misses you.
You feel sick. The bat hits you but does no damage.
The adder attacks as it pursues you! The adder barely misses you.
The adder bites you.
You hit the adder.
The adder is heavily wounded.
You feel sick. The bat barely misses you. The adder bites you.
* * * LOW HITPOINT WARNING * * *
You are lethally poisoned!
The adder poisons you! The adder bites you.
* * * LOW HITPOINT WARNING * * *
You slash the adder!
You kill the adder!
You miss the bat.
You die...

#... #.. +.. #..
#.# #.##
#..#####
#.#####<.....#
#.../..@...###
#...#...b.....#
#..[.?........#
..............+
..............#
..............#
...............#
.[...........PPP


You could see a bat.

Vanquished Creatures
  An adder (D:2)
  An endoplasm (D:2)
  A rat (D:2)
3 creatures vanquished.

Notes
Turn   | Place    | Note
-------+----------+-------------------------------------------
     0 | D:1      | AstroCodex24 the Demigod Fighter began the quest for the
                  | Orb.
     0 | D:1      | Reached XP level 1. HP: 18/18 MP: 3/3
   129 | D:2      | Succumbed to an adder's poison

Illustrated notes

Levels and vault maps discovered:
D:1:      erik_arrival_cave_to_civilisation [erik_arrival_cave_to_hall],
          layout_basic, chequers_arboretum, minmay_cupped
D:2:      layout_basic, minmay_gold_behind_fungi

Action                     || total
---------------------------++-------
  Melee: War axe           ||     8
 Armour: Scale mail        ||    14
  Dodge: Dodged            ||     6
  Block: Buckler           ||     6

Table legend: (Time is in decaauts)
 A = Elapsed time spent in this place.
 B = Non-inter-level travel time spent in this place.
 C = Inter-level travel time spent in this place.
 D = Time resting spent in this place.
 E = Time spent auto-exploring this place.
 F = Levels seen in this place.
 G = Mean time per level.
                   A        B        C        D        E       F      G
               +--------+--------+--------+--------+--------+-----+--------+
         Total |    131 |    115 |     16 |      0 |      0 |   2 |   65.5 |
       Dungeon |    131 |    115 |     16 |      0 |      0 |   2 |   65.5 |
               +--------+--------+--------+--------+--------+-----+--------+

Top non-repeatable levels by time:
     D:1: 116 daAuts
     D:2: 15 daAuts
